NCAA
VILLANOVA WILDCATS @ SOUTHERN CALIFORNIA TROJANS
05/21/2025
 
TOP OF THE 1ST
Villanova Wildcats batting - Pitching for Southern California Trojans : LHP Darren Russell
Pitching: LHP Darren Russell
Batting: RHB Jason Powers 0-0: Called Strike
0-1: Foul Ball, location: 2F
0-2: Ball
1-2: Ball
2-2: Ground out 5-3 (Groundball, 56S)
Batting: RHB Robbie Anderson 0-0: Ball
1-0: Ball
2-0: Ball
3-0: Base on Balls
Batting: LHB Steven Smith 0-0: Ball
1-0: Foul Ball, location: 2F
1-1: Ball
2-1: Ball
3-1: Base on Balls
Robbie Anderson to second
Batting: RHB Jorge Barrios 0-0: Ball
1-0: Called Strike
1-1: Ball
2-1: Foul Ball, location: 2F
2-2: Fly out, F8 (Flyball, 8RS)
Batting: RHB Ron Elazar 0-0: Called Strike
0-1: Swinging Strike
0-2: Strikes out swinging
Top of the 1st over - 0 run(s), 0 hit(s), 0 error(s), 2 left on base; Villanova 0 - Southern California 0
BOTTOM OF THE 1ST
Southern California Trojans batting - Pitching for Villanova Wildcats : RHP Michael Díaz
Pitching: RHP Michael Díaz
Batting: RHB Gabriel Erwin 0-0: Ball
1-0: Fly out, F3 (Popup, 3F)
Batting: LHB Kel Smith 0-0: Called Strike
0-1: Foul Ball, location: 2F
0-2: Ball
1-2: Strikes out swinging
Batting: LHB Scot Chilson 0-0: Ball
1-0: SINGLE (Line Drive, 56)
Batting: LHB Mike Davis 0-0: Ball
1-0: SINGLE (Line Drive, 89S)
Scot Chilson to second
Batting: RHB Marvin Johnson 0-0: Reached on error, E6 (Groundball, 6)
Scot Chilson to third
Mike Davis to second
Batting: LHB Justin Holland 0-0: Ball
1-0: Called Strike
1-1: Foul Ball, location: 2F
1-2: Ground out 6-3 (Groundball, 6)
Bottom of the 1st over - 0 run(s), 2 hit(s), 1 error(s), 3 left on base; Villanova 0 - Southern California 0
TOP OF THE 2ND
Villanova Wildcats batting - Pitching for Southern California Trojans : LHP Darren Russell
Batting: RHB Dan McKay 0-0: Foul Ball, location: 2F
0-1: Ball
1-1: Swinging Strike
1-2: Foul Ball, location: 2F
1-2: Strikes out swinging
Batting: SHB Lorenzo Gómez 0-0: Ball
1-0: Ball
2-0: SOLO HOME RUN (Flyball, 8LXD), Distance : 407 ft
Batting: RHB Ricardo López 0-0: Foul Ball, location: 2F
0-1: Ground out 4-3 (Groundball, 4)
Batting: RHB Mark Hess 0-0: Called Strike
0-1: Swinging Strike
0-2: Strikes out looking
Top of the 2nd over - 1 run(s), 1 hit(s), 0 error(s), 0 left on base; Villanova 1 - Southern California 0
BOTTOM OF THE 2ND
Southern California Trojans batting - Pitching for Villanova Wildcats : RHP Michael Díaz
Batting: RHB Mike Carter 0-0: Ball
1-0: Called Strike
1-1: Called Strike
1-2: Ball
2-2: Ball
3-2: Foul Ball, location: 2F
3-2: Foul Ball, location: 2F
3-2: Strikes out looking
Batting: LHB Lee Foster 0-0: Swinging Strike
0-1: Ball
1-1: Ball
2-1: Called Strike
2-2: Ball
3-2: Foul Ball, location: 2F
3-2: Base on Balls
Batting: RHB Enrico Davis 0-0: Ball
1-0: SINGLE (Line Drive, 6D)
Lee Foster to second
Batting: RHB Gabriel Erwin 0-0: Ball
1-0: SINGLE (Groundball, 4MD) (infield hit)
Lee Foster to third
Enrico Davis to second
Batting: LHB Kel Smith 0-0: Called Strike
0-1: Ball
1-1: Ball
2-1: Fly out, F7 (Flyball, 78M)
Runner from 3rd tags up, SCORES, throw made
Batting: LHB Scot Chilson 0-0: Ball
1-0: Ball
2-0: Ball
3-0: Called Strike
3-1: Foul Ball, location: 2F
3-2: Strikes out swinging
Bottom of the 2nd over - 1 run(s), 2 hit(s), 0 error(s), 2 left on base; Villanova 1 - Southern California 1
TOP OF THE 3RD
Villanova Wildcats batting - Pitching for Southern California Trojans : LHP Darren Russell
Batting: RHB Jason Powers 0-0: Ball
1-0: Called Strike
1-1: Foul Ball, location: 2F
1-2: Foul Ball, location: 2F
1-2: Foul Ball, location: 2F
1-2: Ball
2-2: Strikes out swinging
Batting: RHB Robbie Anderson 0-0: Fly out, F8 (Flyball, 8RS)
Pitching: LHP Javier Rodríguez
Batting: LHB Steven Smith 0-0: Foul Ball, location: 2F
0-1: Called Strike
0-2: Strikes out swinging
Top of the 3rd over - 0 run(s), 0 hit(s), 0 error(s), 0 left on base; Villanova 1 - Southern California 1
BOTTOM OF THE 3RD
Southern California Trojans batting - Pitching for Villanova Wildcats : RHP Michael Díaz
Batting: LHB Mike Davis 0-0: Foul Ball, location: 2F
0-1: Ball
1-1: Called Strike
1-2: Ball
2-2: Ball
3-2: Fly out, F8 (Flyball, 8RD)
Batting: RHB Marvin Johnson 0-0: Ball
1-0: Ball
2-0: Ball
3-0: Base on Balls
Batting: LHB Justin Holland 0-0: Ball
1-0: Foul Ball, location: 2F
1-1: Ball
2-1: Foul Ball, location: 2F
2-2: Strikes out looking
Batting: RHB Mike Carter 0-0: Ball
1-0: Foul Ball, location: 2F
1-1: Swinging Strike
1-2: Strikes out swinging
Bottom of the 3rd over - 0 run(s), 0 hit(s), 0 error(s), 1 left on base; Villanova 1 - Southern California 1
TOP OF THE 4TH
Villanova Wildcats batting - Pitching for Southern California Trojans : LHP Javier Rodríguez
Batting: RHB Jorge Barrios 0-0: Ball
1-0: Ball
2-0: Foul Ball, location: 2F
2-1: Ball
3-1: SINGLE (Groundball, 5S) (infield hit)
Batting: RHB Ron Elazar 0-0: Foul Ball, location: 2F
0-1: Ball
1-1: Ball
2-1: Fly out, F7 (Popup, 56D)
Batting: RHB Dan McKay 0-0: Foul Ball, location: 2F
0-1: Ball
1-1: Called Strike
1-2: Strikes out looking
Batting: SHB Lorenzo Gómez 0-0: Ball
1-0: Foul Ball, location: 2F
1-1: Ball
2-1: Swinging Strike
2-2: Foul Ball, location: 2F
2-2: Ball
3-2: Strikes out swinging
Top of the 4th over - 0 run(s), 1 hit(s), 0 error(s), 1 left on base; Villanova 1 - Southern California 1
BOTTOM OF THE 4TH
Southern California Trojans batting - Pitching for Villanova Wildcats : RHP Michael Díaz
Batting: LHB Lee Foster 0-0: Swinging Strike
0-1: Foul Ball, location: 2F
0-2: Ball
1-2: Ball
2-2: Ball
3-2: Foul Ball, location: 2F
3-2: Base on Balls
Batting: RHB Enrico Davis 0-0: Fly out, F5 (Popup, 2L)
Batting: RHB Gabriel Erwin 0-0: Called Strike
0-1: Ball
1-1: Swinging Strike
1-2: Fly out, F9 (Flyball, 9D)
Batting: LHB Kel Smith 0-0: SINGLE (Line Drive, 4MD)
Lee Foster to second
Batting: LHB Scot Chilson 0-0: Ball
1-0: Ball
2-0: Called Strike
2-1: Ground out 3-1 (Groundball, 34)
Bottom of the 4th over - 0 run(s), 1 hit(s), 0 error(s), 2 left on base; Villanova 1 - Southern California 1
TOP OF THE 5TH
Villanova Wildcats batting - Pitching for Southern California Trojans : LHP Javier Rodríguez
Batting: RHB Ricardo López 0-0: Ball
1-0: Swinging Strike
1-1: Ball
2-1: Swinging Strike
2-2: Foul Ball, location: 2F
2-2: Foul Ball, location: 2F
2-2: Strikes out swinging
Batting: RHB Mark Hess 0-0: Called Strike
0-1: Ball
1-1: Ball
2-1: Fly out, F8 (Line Drive, 8LS)
Batting: RHB Jason Powers 0-0: Ball
1-0: Called Strike
1-1: Fly out, F3 (Popup, 3DF)
Top of the 5th over - 0 run(s), 0 hit(s), 0 error(s), 0 left on base; Villanova 1 - Southern California 1
BOTTOM OF THE 5TH
Southern California Trojans batting - Pitching for Villanova Wildcats : RHP Michael Díaz
Pitching: LHP Ryan Trejo
Batting: LHB Mike Davis 0-0: Ball
1-0: Ball
2-0: Ball
3-0: Called Strike
3-1: Base on Balls
Batting: RHB Marvin Johnson 0-0: Swinging Strike
0-1: Ball
1-1: Ball
2-1: Ball
3-1: DOUBLE (Line Drive, 89S)
Mike Davis to third
Runner from 3rd tries for Home, SAFE, throw made home
Batting: LHB Justin Holland 0-0: Ball
1-0: Swinging Strike
1-1: Called Strike
1-2: Foul Ball, location: 2F
1-2: Strikes out swinging
Batting: RHB Mike Carter 0-0: Fly out, F8 (Flyball, 8RXD)
Runner from 2nd tags up, SAFE at 3rd, no throw
Batting: LHB Lee Foster 0-0: Ball
1-0: Ball
2-0: Ground out 4-3 (Groundball, 4)
Bottom of the 5th over - 1 run(s), 1 hit(s), 0 error(s), 1 left on base; Villanova 1 - Southern California 2
TOP OF THE 6TH
Villanova Wildcats batting - Pitching for Southern California Trojans : LHP Javier Rodríguez
Batting: RHB Robbie Anderson 0-0: Ground out 1-3 (Groundball, 13S)
Batting: LHB Steven Smith 0-0: Called Strike
0-1: Foul Ball, location: 2F
0-2: Ball
1-2: Foul Ball, location: 2F
1-2: Foul Ball, location: 2F
1-2: Strikes out swinging
Batting: RHB Jorge Barrios 0-0: Ball
1-0: Ball
2-0: Ground out 4-3 (Groundball, 4M)
Top of the 6th over - 0 run(s), 0 hit(s), 0 error(s), 0 left on base; Villanova 1 - Southern California 2
BOTTOM OF THE 6TH
Southern California Trojans batting - Pitching for Villanova Wildcats : LHP Ryan Trejo
Batting: RHB Enrico Davis 0-0: Ball
1-0: Called Strike
1-1: SINGLE (Line Drive, 56D)
Batting: RHB Gabriel Erwin 0-0: Ball
1-0: Ball
2-0: Ball
3-0: Called Strike
3-1: Base on Balls
Enrico Davis to second
Batting: LHB Kel Smith 0-0: Swinging Strike
0-1: Fly out, F9 (Line Drive, 89M)
Batting: LHB Scot Chilson 0-0: SINGLE (Line Drive, 9LM)
Enrico Davis to third
Gabriel Erwin to second
Runner from 3rd tries for Home, SAFE, no throw or cutoff
Batting: LHB Mike Davis 0-0: Ball
1-0: Ball
2-0: Ball
3-0: Base on Balls
Gabriel Erwin to third
Scot Chilson to second
Pitching: RHP Steve Gore
Batting: RHB Marvin Johnson 0-0: Ball
1-0: Called Strike
1-1: Foul Ball, location: 2F
1-2: SINGLE (Line Drive, 5D)
Gabriel Erwin scores
Scot Chilson to third
Mike Davis to second
Batting: LHB Justin Holland 0-0: Ball
Passed Ball!
Scot Chilson scores
Mike Davis to third
Marvin Johnson to second
1-0: Intentional Walk
Batting: RHB Mike Carter 0-0: Ball
1-0: Ball
2-0: Ball
3-0: Called Strike
3-1: Base on Balls
Mike Davis scores
Marvin Johnson to third
Justin Holland to second
Batting: LHB Lee Foster 0-0: Ball
1-0: Ball
2-0: Foul Ball, location: 2F
2-1: Ball
3-1: GRAND SLAM HOME RUN (Flyball, 7D), Distance : 351 ft
Pitching: RHP Ryan Schmidt
Batting: RHB Enrico Davis 0-0: Called Strike
0-1: Ball
1-1: Swinging Strike
1-2: Ball
2-2: Foul Ball, location: 2F
2-2: Ball
3-2: Base on Balls
Batting: RHB Gabriel Erwin 0-0: Foul Ball, location: 2F
0-1: Foul Ball, location: 2F
0-2: Ball
1-2: Foul Ball, location: 2F
1-2: Fly out, F3 (Popup, 3F)
Batting: LHB Kel Smith 0-0: Ball
1-0: Ball
2-0: Ball
3-0: Base on Balls
Enrico Davis to second
Batting: LHB Scot Chilson 0-0: SINGLE (Groundball, 34)
Enrico Davis to third
Kel Smith to second
Runner from 3rd tries for Home, SAFE, no throw or cutoff
Batting: LHB Mike Davis 0-0: Ball
1-0: Ball
2-0: Foul Ball, location: 2F
2-1: Ball
3-1: Called Strike
3-2: Base on Balls
Kel Smith to third
Scot Chilson to second
Batting: RHB Marvin Johnson 0-0: Foul Ball, location: 2F
0-1: Fly out, F8 (Flyball, 8RD)
Bottom of the 6th over - 9 run(s), 5 hit(s), 0 error(s), 3 left on base; Villanova 1 - Southern California 11
TOP OF THE 7TH
Villanova Wildcats batting - Pitching for Southern California Trojans : LHP Javier Rodríguez
Pitching: RHP Alan Foster
Batting: RHB Ron Elazar 0-0: Ground out 1-3 (Groundball, 13)
Batting: RHB Dan McKay 0-0: Ball
1-0: Swinging Strike
1-1: Foul Ball, location: 2F
1-2: Strikes out swinging
Batting: SHB Lorenzo Gómez 0-0: Called Strike
0-1: Called Strike
0-2: Strikes out looking
Top of the 7th over - 0 run(s), 0 hit(s), 0 error(s), 0 left on base; Villanova 1 - Southern California 11
BOTTOM OF THE 7TH
Southern California Trojans batting - Pitching for Villanova Wildcats : RHP Ryan Schmidt
Batting: LHB Justin Holland 0-0: Ground out 6-3 (Groundball, 6)
Batting: RHB Mike Carter 0-0: Foul Ball, location: 2F
0-1: Called Strike
0-2: Fly out, F3 (Line Drive, 3)
Pinch Hitting: LHB Steve Herman 0-0: Ball
1-0: Foul Ball, location: 2F
1-1: SINGLE (Groundball, 34)
Batting: RHB Enrico Davis 0-0: Ball
1-0: Ball
2-0: Ball
3-0: Called Strike
3-1: Base on Balls
Steve Herman to second
Batting: RHB Gabriel Erwin 0-0: Called Strike
0-1: Called Strike
0-2: Ball
1-2: Ball
2-2: Ball
3-2: 3-RUN HOME RUN (Flyball, 8RXD), Distance : 385 ft
Batting: LHB Kel Smith 0-0: Ground out 3-1 (Groundball, 34)
Bottom of the 7th over - 3 run(s), 2 hit(s), 0 error(s), 0 left on base; Villanova 1 - Southern California 14
TOP OF THE 8TH
Villanova Wildcats batting - Pitching for Southern California Trojans : RHP Alan Foster
Now in LF: Roberto Barrón
Batting: RHB Ricardo López 0-0: Ground out 4-3 (Groundball, 4M)
Batting: RHB Mark Hess 0-0: Called Strike
0-1: Called Strike
0-2: Strikes out swinging
Batting: RHB Jason Powers 0-0: Foul Ball, location: 2F
0-1: Called Strike
0-2: Ball
1-2: Strikes out swinging
Top of the 8th over - 0 run(s), 0 hit(s), 0 error(s), 0 left on base; Villanova 1 - Southern California 14
BOTTOM OF THE 8TH
Southern California Trojans batting - Pitching for Villanova Wildcats : RHP Ryan Schmidt
Pitching: RHP Armando López
Batting: LHB Scot Chilson 0-0: Foul Ball, location: 2F
0-1: Fly out, F6 (Popup, 56D)
Batting: LHB Mike Davis 0-0: Ball
1-0: Foul Ball, location: 2F
1-1: Foul Ball, location: 2F
1-2: Ball
2-2: Ball
3-2: Base on Balls
Batting: RHB Marvin Johnson 0-0: Ball
1-0: Ball
2-0: Ball
3-0: Base on Balls
Mike Davis to second
Batting: LHB Justin Holland 0-0: Reached on error, E5 (Groundball, 5S)
Mike Davis to third
Marvin Johnson to second
Batting: RHB Mike Carter 0-0: Ball
1-0: Swinging Strike
1-1: Fly out, F4 (Popup, 4D)
Batting: LHB Roberto Barrón 0-0: Called Strike
0-1: Swinging Strike
0-2: Strikes out swinging
Bottom of the 8th over - 0 run(s), 0 hit(s), 1 error(s), 3 left on base; Villanova 1 - Southern California 14
TOP OF THE 9TH
Villanova Wildcats batting - Pitching for Southern California Trojans : RHP Alan Foster
Now at C: Ron Davis
Batting: RHB Robbie Anderson 0-0: Called Strike
0-1: Ball
1-1: Ball
2-1: Ball
3-1: Base on Balls
Batting: LHB Steven Smith 0-0: Ball
1-0: Called Strike
1-1: Ball
2-1: Ball
3-1: Foul Ball, location: 2F
3-2: Base on Balls
Robbie Anderson to second
Batting: RHB Jorge Barrios 0-0: Ball
1-0: DOUBLE (Flyball, 9D)
Robbie Anderson scores
Steven Smith to third
Batting: RHB Ron Elazar 0-0: Ball
1-0: Ball
2-0: Ground out 4-3 (Groundball, 4)
Steven Smith scores
Jorge Barrios to third
Batting: RHB Dan McKay 0-0: Fly out, F5 (Popup, 25)
Batting: SHB Lorenzo Gómez 0-0: Fly out, F6 (Popup, 6D)
Top of the 9th over - 2 run(s), 1 hit(s), 0 error(s), 1 left on base; Villanova 3 - Southern California 14
This league is powered by Out of the Park Baseball, the baseball management simulation game for PC, Mac and Linux
Tuesday, August 2nd, 2016 - OOTP Baseball 16.8 Build 38